 Dungeon Crawl Stone Soup version 0.17.0-28-g6e173f8 (webtiles) character file.

63 M4edhros the Vexing (level 4, -3/27 HPs)
             Began as an Octopode Wanderer on Nov 26, 2015.
             Slain by an orc
             ... wielding a +0 flail
              (9 damage)
             ... on level 2 of the Dungeon.
             The game lasted 00:02:17 (1793 turns).

M4edhros the Vexing (Octopode Wanderer)             Turns: 1793, Time: 00:02:18

Health: -3/27      AC:  1    Str: 12    XL:     4   Next: 10%
Magic:  8/8        EV: 11    Int: 15    God:
Gold:   152        SH:  0    Dex: 10    Spells: 0 memorised, 9 levels left

rFire  . . .     SeeInvis .     g - +0 hunting sling
rCold  . . .     Clarity  .     (no shield)
rNeg   + . .     SustAt   .     (helmet restricted)
rPois  .         Gourm    .     m - amulet of warding
rElec  .         Spirit   .     (no ring)
rCorr  .         Warding  +     (no ring)
rMut   .         Stasis   .     (no ring)
MR     .....                    (no ring)
Stlth  +++.......               (no ring)
                                (no ring)
                                (no ring)
                                (no ring)

@: not resistant to hostile enchantments, fairly stealthy
A: almost no armour, amphibious, 8 rings, constrict 8, camouflage 1, gelatinous
body 1
a: no special abilities


You were on level 2 of the Dungeon.
You were hungry.

You visited 1 branch of the dungeon, and saw 3 of its levels.

You collected 152 gold pieces.

Inventory:

Hand Weapons
 d - a +0 blowgun
 g - a +0 hunting sling (weapon)
Missiles
 c - 7 poisoned needles
 o - 12 sling bullets (quivered)
 q - 9 silver sling bullets
Jewellery
 m - an amulet of warding (around mantle)
Scrolls
 f - a scroll of blinking {unknown}
 i - a scroll of enchant armour {unknown}
 k - 2 scrolls of identify {unknown}
 r - a scroll of noise {unknown}
Potions
 s - 2 potions of might {unknown}
Books
 a - a book of Maledictions

   Spells                             Type                      Level
   a - Corona                         Hexes                        1
   b - Ensorcelled Hibernation        Hexes/Ice                    2
   c - Confuse                        Hexes                        3
   d - Tukima's Dance                 Hexes                        3
   e - Dazzling Spray                 Conjuration/Hexes            3
 b - the Papyrus of Talismans

   Spells                             Type                      Level
   a - Infusion                       Charms                       1
   b - Spectral Weapon                Hexes/Charms                 3
Comestibles
 e - a bread ration
 j - 2 slices of pizza
 l - 3 fruits
 n - a meat ration


   Skills:
 * Level 3.0(3.3) Slings
 - Level 2.0(2.8) Throwing
 + Level 2.6 Stealth
 - Level 3.0 Spellcasting
   Level 3.0 Hexes
   Level 1.0 Translocations
   Level 1.0 Ice Magic


You had 9 spell levels left.
You didn't know any spells.

Dungeon Overview and Level Annotations

Branches:
Dungeon (3/15)

Altars:
Qazlal


Innate Abilities, Weirdness & Mutations

You cannot wear most types of armour.
You are amphibious.
You can wear up to eight rings at the same time.
You can use your tentacles to constrict eight enemies at once.
Your skin changes colour to match your surroundings (Stealth).
Your rubbery body absorbs attacks (AC +1).


Message History

Press: ? - help, Shift-Dir - straight line, f/p - orc
Aim: an orc, wielding a flail (heavily wounded)
You shoot a sling bullet.
The sling bullet hits the orc but does no damage.
The orc is heavily wounded.
The orc hits you with a flail!
There is a stone staircase leading up here.
The orc hits you with a flail.
You climb upwards.
There is a stone staircase leading down here.
You closely miss the orc. Your grab misses the orc. You squeeze the orc.
The orc is heavily wounded.
The orc hits you with a flail!
* * * LOW HITPOINT WARNING * * *
Firing (i - inventory. (,) - cycle):
o - 13 sling bullets (quivered)
Press: ? - help, Shift-Dir - straight line, f - orc
Aim: an orc, wielding a flail (heavily wounded)
You shoot a sling bullet. The sling bullet barely misses the orc.
The orc hits you with a flail!
You die...

###
.....###################
####............@o......
...#####.#............#.
##.......#.##########.#
#####......#######
######.###.........
.<.##...##.########
##.#.....#.#######
#.#.............#
##.#.....#.#####.#


You could see an orc.

Vanquished Creatures
  2 adders
  A worm (D:2)
  2 giant geckos (D:1)
  An orc (D:3)
  3 bats
  7 giant cockroaches
  4 hobgoblins
  3 jackals (D:1)
  3 kobolds
  3 giant newts
  2 goblins
  5 rats (D:1)
36 creatures vanquished.

Notes
Turn   | Place    | Note
--------------------------------------------------------------
     0 | D:1      | M4edhros the Octopode Wanderer began the quest for the Orb.
     0 | D:1      | M4edhros set off with: a book of Maledictions, the Papyrus of Talismans, 7 poisoned needles, a +0 blowgun, a bread ration
     0 | D:1      | Reached XP level 1. HP: 11/11 MP: 4/4
     0 | D:1      | Identified the Papyrus of Talismans
   117 | D:1      | Reached skill level 1 in Slings
   117 | D:1      | Reached skill level 1 in Stealth
   182 | D:1      | Reached XP level 2. HP: 7/17 MP: 6/6
  1180 | D:1      | Reached XP level 3. HP: 21/21 MP: 7/7
  1521 | D:2      | Found a stormy altar of Qazlal.
  1645 | D:3      | Reached XP level 4. HP: 21/27 MP: 8/8
  1793 | D:2      | Slain by an orc

Action                   |  1- 3 |  4- 6 || total
-------------------------+-------+-------++-------
Melee: Hunting sling     |     8 |     1 ||     9
 Fire: Hunting sling     |   129 |    22 ||   151
  Use: Potion            |     4 |       ||     4
  Eat: Chunk             |       |     2 ||     2
